 Dungeon Crawl Stone Soup version 0.31-a0-37-g98a128e1d9 (webtiles) character file.

Game seed: 2134689701191250088

44 senseless the Trooper (level 3, -1/29 HPs)
             Began as a Demonspawn Fighter on May 15, 2023.
             Slain by a gnoll
             ... wielding a +0 flail
              (7 damage)
             ... on level 2 of the Dungeon.
             The game lasted 00:03:00 (900 turns).

senseless the Trooper (Demonspawn Fighter)           Turns: 900, Time: 00:03:01

Health: -1/29      AC:  6    Str: 18    XL:     3   Next: 39%
Magic:  4/4        EV:  8    Int:  9    God:
Gold:   55         SH:  8    Dex: 12    Spells: 2/2 levels left

rFire   . . .        j - +1 short sword (elec)
rCold   . . .        k - +0 kite shield
rNeg    . . .        b - +0 scale mail
rPois   .            (helmet restricted)
rElec   .            (no cloak)
rCorr   .            (no gloves)
SInv    .            (no boots)
Will    .....        (no amulet) Stlth
                     (no ring)
HPRegen 0.24/turn    (no ring)
MPRegen 0.09/turn

%: no passive effects
@: no status effects
A: antennae 1
a: no special abilities


You were on level 2 of the Dungeon.
You visited 1 branch of the dungeon, and saw 2 of its levels.

You collected 55 gold pieces.

Inventory:

Hand Weapons
 a - a +0 war axe
 j - a +1 short sword of electrocution (weapon)
Missiles
 n - a throwing net (quivered)
 o - 4 atropa-tipped darts
 q - 4 silver javelins
Armour
 b - a +0 scale mail (worn)
 c - a +0 buckler
 k - a +0 kite shield (worn)
Scrolls
 e - 3 scrolls of immolation {unknown}
 h - a scroll of torment {unknown}
 i - 2 scrolls of identify {unknown}
 p - a scroll of blinking {unknown}
 r - a scroll of magic mapping {unknown}
Potions
 d - a potion of might
 f - 2 potions of degeneration {unknown}
 g - 2 potions of haste {unknown}
 l - 2 potions of curing {unknown}
 m - a potion of resistance {unknown}


   Skills:
 + Level 3.3 Fighting
 + Level 0.6 Short Blades
 - Level 2.0 Axes
 + Level 0.2 Throwing
 + Level 3.0 Armour
 + Level 3.0 Shields
 + Level 1.6 Invocations


You had 2 spell levels left.
You didn't know any spells.
Your spell library contained the following spells:

 Spells                   Type           Power      Damage    Failure   Level
 Apportation              Tloc           0%         N/A       98%         1
 Necrotise                Necr           0%         1d4       98%         1
 Summon Small Mammal      Summ           0%         N/A       98%         1
 Alistair's Intoxication  Tmut/Pois      0%         N/A       100%        5


Dungeon Overview and Level Annotations

Branches:
Dungeon (2/15)

Altars:

Shops:
D:2 ?


Innate Abilities, Weirdness & Mutations

You have a pair of small antennae on your head.


Message History

The quokka barely misses you.
You closely miss the quokka.
The quokka is moderately wounded.
The quokka bites you but does no damage. x2
You hit the quokka.
You kill the quokka!
No target in view!
r - a scroll labelled UGELLU NUAF
There are monsters nearby!
The gnoll hits you but does no damage.
You hit the gnoll. Lightning courses through the gnoll!
You kill the gnoll!
Your Armour skill increases to level 3!
Your Shields skill increases to level 3!
Things that are here:
a +2 antimagic spear; a gnoll corpse The gnoll shouts!
The gnoll barely misses you.
Things that are here:
a +2 antimagic spear; a gnoll corpse You barely miss the gnoll.
The gnoll hits you but does no damage. The gnoll hits you with a +0 flail.
You hit the gnoll.
The gnoll is lightly wounded.
The gnoll hits you with a +0 flail. You block the gnoll's attack.
You closely miss the gnoll.
The gnoll is lightly wounded.
The gnoll barely misses you. The gnoll hits you but does no damage.
You barely miss the gnoll.
The gnoll is lightly wounded.
The gnoll hits you with a +0 flail. The gnoll hits you with a +0 spear.
You hit the gnoll.
The gnoll is moderately wounded.
The gnoll hits you with a +0 spear.
* * * LOW HITPOINT WARNING * * *
The gnoll barely misses you.
You barely miss the gnoll.
The gnoll is moderately wounded.
The gnoll hits you with a +0 flail!
You die...

#..#.#...##.# #.#
...#....<##.# #..
.#..........###########
....................
#####.#.###########. .#
#######.#.......# #. #.#
..........#####.# #. #.#
#######..#.#####g# #. #.#
g.gg.{g.......##@# #.##
#.# #######..#g##.##g#
#[.# #.# # #<......##.#
###.######.# #
##.#..g....####...†......#
#.####...?........).∩...##
#.# ###########.######...
#.# #.# #### .. #.# ## #.#


You could see 2 gnolls.

Vanquished Creatures
  A gnoll (D:2)
  A dart slug (D:1)
  A bat (D:1)
  5 endoplasms
  2 giant cockroaches (D:1)
  4 goblins
  A hobgoblin (D:2)
  4 jackals (D:1)
  A quokka (D:2)
  A ball python (D:1)
  A frilled lizard (D:1)
  5 kobolds (D:1)
  3 rats (D:1)
30 creatures vanquished.

Notes
Turn   | Place    | Note
-------+----------+-------------------------------------------
     0 | D:1      | senseless the Demonspawn Fighter began the quest for the
                  | Orb.
     0 | D:1      | Reached XP level 1. HP: 18/18 MP: 1/1
    26 | D:1      | Gained mutation: You have a pair of small antennae on your
                  | head. [demonic ancestry]
    26 | D:1      | Reached XP level 2. HP: 17/24 MP: 2/2
    94 | D:1      | Reached skill level 1 in Invocations
   620 | D:2      | Reached XP level 3. HP: 29/29 MP: 4/4
   822 | D:2      | Found Vawai's Magic Scroll Shoppe.
   900 | D:2      | Slain by a gnoll

Illustrated notes

Levels and vault maps discovered:
D:1:      lordsloth_arrival_two_stooges, layout_rooms,
          chequers_serial_rivers_micro_c
D:2:      layout_loops_ring, serial_shops, shop

Skill      XL: |  1  2  3 |
---------------+----------+-----
Axes           | 2 |  2.0
Invocations    | 1 |  1.6
Armour         | 3 |  3.0
Shields        | 3 |  3.0
Fighting       | |  3.3
Short Blades   | |  0.6
Throwing       | |  0.2

Action                     || total
---------------------------++-------
  Melee: War axe           ||    16
         Short sword       ||    73
 Armour: Scale mail        ||    55
  Dodge: Dodged            ||    33
  Block: Buckler           ||     4
         Kite shield       ||    34

Table legend: (Time is in decaauts)
 A = Elapsed time spent in this place.
 B = Non-inter-level travel time spent in this place.
 C = Inter-level travel time spent in this place.
 D = Time resting spent in this place.
 E = Time spent auto-exploring this place.
 F = Levels seen in this place.
 G = Mean time per level.
                   A        B        C        D        E       F      G
               +--------+--------+--------+--------+--------+-----+--------+
         Total |    918 |    862 |     56 |     55 |    560 |   2 |  459.0 |
       Dungeon |    918 |    862 |     56 |     55 |    560 |   2 |  459.0 |
               +--------+--------+--------+--------+--------+-----+--------+

Top non-repeatable levels by time:
     D:1: 693 daAuts
     D:2: 224 daAuts
